AoeStats
← feedmepls9

Golden Pit

507453857Analyzed
1v1 RM · 15d ago on Sep 18, 2026· 65m 25s· 2 players
Game mode
Random Map
Map size
Tiny (2 player)
Population
200
Speed
Normal
Resources
Standard
Victory
Conquest
Starting age
Dark Age
Ending age
Imperial Age
RankedLock teamsTeams togetherTeam positionsShared explorationLock speedFull tech treeHidden civsTurbo modeCheats
Victory
Defeat
🇩🇪 Teutons · Germany
669
+9
🇷🇺 Franks · Russia
504
-9
feedmepls9
5:44 Loom
9:43 Feudal Age
10:12 Double-Bit Axe
11:50 Wheelbarrow
25:57 Castle Age
24:20 Arson
24:28 Man-at-Arms
25:13 Stone Mining
25:14 Gold Mining
28:47 Hand Cart
28:31 Light Cavalry
32:13 Gold Shaft Mining
32:57 Husbandry
34:53 Bow Saw
41:24 Imperial Age
39:54 Long Swordsman
41:33 Gambesons
41:49 Squires
44:02 Ballistics
43:19 Long Swordsman
43:50 Gambesons
43:30 Elite Throwing Axeman
44:35 Conscription
44:27 Two-Handed Swordsman
47:18 Champion
50:50 Cavalier
52:19 Chivalry
56:04 Forging
55:54 Scale Mail Armor
56:02 Scale Barding Armor
58:34 Pikeman
59:46 Halberdier
Innrásarher
8:34 Loom
8:44 Loom
11:00 Feudal Age
12:57 Double-Bit Axe
21:06 Castle Age
21:41 Horse Collar
22:13 Bow Saw
23:33 Pikeman
28:40 Squires
28:32 Man-at-Arms
30:29 Crossbowman
30:45 Long Swordsman
33:36 Forging
33:26 Scale Mail Armor
33:30 Gold Mining
38:02 Ballistics
40:37 Bloodlines
44:28 Imperial Age
42:22 Scale Barding Armor
42:53 Guard Tower
46:23 Halberdier
48:03 Cavalier
51:09 Two-Man Saw
58:43 Iron Casting
58:24 Chain Mail Armor
58:47 Masonry
58:23 Arrowslits
64:09 Paladin
Connection lost

Rejoining the realm…

Still unreachable

The connection could not be restored.

Session expired

The server has moved on; the page needs a fresh start.